 Dungeon Crawl Stone Soup version 0.31-a0-232-gb1c03b2570 (webtiles) character file.

Game seed: 6251031640531993481

20 qw the Shooter (level 2, -3/17 HPs)
             Began as a Gargoyle Hexslinger on July 7, 2023.
             Slain by a worm (10 damage)
             ... on level 2 of the Dungeon.
             The game lasted 00:00:18 (1077 turns).

qw the Shooter (Gargoyle Hexslinger)                Turns: 1077, Time: 00:00:18

Health: -3/17      AC:  5    Str: 11    XL:     2   Next: 79%
Magic:  3/3        EV: 11    Int: 13    God:
Gold:   38         SH:  0    Dex: 12    Spells: 2/3 levels left

rFire   . . .        Y - +1 sling
rCold   . . .        (no shield)
rNeg    + . .        d - +0 leather armour
rPois   inf          (no helmet)
rElec   +            (no cloak)
rCorr   .            (no gloves)
SInv    .            (no boots)
Will    .....        (no amulet)
Stlth   +            (no ring)
HPRegen 0.22/turn    (no ring)
MPRegen 0.08/turn

%: no passive effects
@: no status effects
A: sickness immunity, AC +2, negative energy resistance 1, electricity
resistance, torment resistance 1, petrification resistance
a: no special abilities


You were on level 2 of the Dungeon.
You visited 1 branch of the dungeon, and saw 2 of its levels.

You collected 38 gold pieces.


Innate Abilities, Weirdness & Mutations

You are immune to sickness and miasma.
Your stone body is resilient. (AC +2)
You are immune to poison.
You resist negative energy. (rN+)
You are resistant to electric shocks. (rElec)
You are resistant to unholy torment.
You are immune to petrification.


   Skills:
 + Level 1.7 Fighting
 - Level 3.0 Ranged Weapons
 - Level 1.5 Dodging
 - Level 1.0 Spellcasting
 - Level 2.6 Hexes


You had 2 spell levels left.
You knew the following spells:

 Your Spells              Type           Power      Damage    Failure   Level
a - Slow                  Hex            28%        N/A       12%         1

Your spell library contained the following spells:

 Spells                   Type           Power      Damage    Failure   Level
 Inner Flame              Hex/Fire       4%         N/A       54%         3
 Portal Projectile        Hex/Tloc       8%         N/A       54%         3
 Cause Fear               Hex            3%         N/A       77%         4

Inventory:

Hand Weapons
 Y - a +1 sling (weapon)
Armour
 d - a +0 leather armour (worn)
Scrolls
 a - a scroll of identify
Potions
 b - a potion of heal wounds {unknown}
 f - a potion of enlightenment

Dungeon Overview and Level Annotations

Branches:
Dungeon (2/15)

Altars:


Message History

You shoot a sling bullet.
The sling bullet barely misses the worm.
You shoot a sling bullet. The sling bullet hits the worm.
The worm is severely wounded.
You shoot a sling bullet.
The sling bullet barely misses the worm.
You shoot a sling bullet.
The sling bullet hits the worm but does no damage.
The worm is heavily wounded.
The worm bites you.
You shoot a sling bullet. The sling bullet hits the worm.
The worm is heavily wounded.
You shoot a sling bullet. The sling bullet hits the worm.
The worm is severely wounded.
The worm barely misses you.
You shoot a sling bullet. The sling bullet hits the worm.
The worm is severely wounded.
The worm barely misses you.
You shoot a sling bullet.
The sling bullet hits the worm but does no damage.
The worm is severely wounded.
The worm bites you.
You shoot a sling bullet.
The sling bullet barely misses the worm.
The worm bites you but does no damage.
You shoot a sling bullet. The sling bullet hits the worm.
The worm is severely wounded.
The worm bites you!
You shoot a sling bullet.
The sling bullet hits the worm but does no damage.
The worm is severely wounded.
You shoot a sling bullet. The sling bullet hits the worm.
The worm is almost dead.
The worm closely misses you.
You shoot a sling bullet.
The sling bullet hits the worm but does no damage.
The worm is almost dead.
The worm bites you!
Ouch! That really hurt!
You die...

# ### )
##.##.#
#.###...#.#
#.....w@..#
#.###...###
##.## #.#
#.# ##'##
##...##
##.....##
#.<.....#


You could see a worm.

Vanquished Creatures
  An endoplasm (D:1)
  A giant cockroach (D:1)
  2 hobgoblins (D:1)
  2 jackals (D:1)
  3 kobolds (D:1)
  A quokka (D:1)
  2 ball pythons (D:1)
  3 frilled lizards (D:1)
  3 goblins (D:1)
18 creatures vanquished.

Notes
Turn   | Place    | Note
-------+----------+-------------------------------------------
     0 | D:1      | qw the Gargoyle Hexslinger began the quest for the Orb.
     0 | D:1      | Reached XP level 1. HP: 12/12 MP: 2/2
     0 | D:1      | 0 ||| qw: Version: 0.3-a-46-gb1f654a
     0 | D:1      | 0 ||| qw: Game counter: 2424
     0 | D:1      | 0 ||| qw: Melee chars always use a shield: true
     0 | D:1      | 0 ||| qw: God list: Okawaru
     0 | D:1      | 0 ||| qw: Allow faded altars: false
     0 | D:1      | 0 ||| qw: Do Orc after clearing Dungeon:15 true
     0 | D:1      | 0 ||| qw: Do second Lair branch before Depths: true
     0 | D:1      | 0 ||| qw: Lair rune preference: random
     0 | D:1      | 0 ||| qw: Goals: Normal
     0 | D:1      | 0 ||| PLANNING D:1-11
   222 | D:1      | Reached XP level 2. HP: 16/16 MP: 3/3
   438 | D:1      | Reached skill level 3 in Ranged Weapons
   986 | D:1      | 986 ||| UPGRADING to +0 leather armour.
   996 | D:1      | 996 ||| DROPPING +0 robe.
   997 | D:1      | 997 ||| READING 3 scrolls labelled HOOZAS ILIT.
   998 | D:1      | 998 ||| READING 2 scrolls of identify.
   998 | D:1      | 998 ||| IDENTIFYING sapphire potion
   999 | D:1      | 999 ||| DROPPING scroll of poison.
  1077 | D:2      | Slain by a worm

Levels and vault maps discovered:
D:1:      saegor_arrival_simple_e, layout_basic, hangedman_abyss_or_decor_stabs
D:2:      layout_loops_corners

Skill      XL: |  1  2 |
---------------+-------+-----
Ranged Weapons | 3 |  3.0
Fighting       | |  1.7
Dodging        | |  1.5
Spellcasting   | |  1.0
Hexes          | |  2.6

Action                     || total
---------------------------++-------
   Fire: Sling             ||    73
    Use: Scroll            ||     2
 Armour: Robe              ||     6
         Leather armour    ||     1
  Dodge: Dodged            ||    14

Table legend:
 A = Non-vault XP
 B = Vault XP
 C = Vault XP percentage of total XP
 D = Non-vault monster count
 E = Vault monster count
 F = Vault count percentage of total count
                 A         B        C        D         E       F
            +---------+---------+-------+---------+---------+-------
      Total |      29 |       0 |   0.0 |      18 |       0 |   0.0
            +---------+---------+-------+---------+---------+-------
        D:1 |      29 |       0 |   0.0 |      18 |       0 |   0.0
            +---------+---------+-------+---------+---------+-------
